 Dungeon Crawl Stone Soup version 0.31-a0-986-g5e6e4ef867 (webtiles) character file.

Game seed: 1956469649696870771

537 sokol815 the Poker (level 7, -3/47 HPs)
             Began as an Octopode Gladiator on Nov 10, 2023.
             Was an Initiate of Gozag.
             Splashed by a jelly's acid (8 damage)
             ... on level 5 of the Dungeon.
             The game lasted 00:04:36 (3266 turns).

sokol815 the Poker (Octopode Gladiator)             Turns: 3266, Time: 00:04:37

Health: -3/47      AC: -7    Str: 14    XL:     7   Next: 25%
Magic:  7/10       EV: 14    Int: 10    God:    Gozag
Gold:   242        SH:  0    Dex: 15    Spells: 7/10 levels left

rFire   . . .        a - +0 trident
rCold   . . .        (no shield)
rNeg    . . .        b - +0 hat
rPois   .            (no amulet)
rElec   .            i - ring of flight {+Fly, !d}
rCorr   .            Z - ring of wizardry {Wiz+, !d}
SInv    .            (no ring)
Will    .....        (no ring)
Stlth   ++           (no ring)
HPRegen 0.27/turn    (no ring)
MPRegen 0.12/turn    (no ring)
                     (no ring)

%: wizardry (x1)
@: corroded, flying
A: almost no armour, amphibious, 8 rings, camouflage 1, gelatinous body 1,
(nimble swimmer 1), tentacles
a: Renounce Religion, Potion Petition, Call Merchant, Bribe Branch


You were on level 5 of the Dungeon.
You worshipped Gozag.
Gozag was aware of your devotion.
You visited 2 branches of the dungeon, and saw 6 of its levels.

You collected 325 gold pieces.
You paid 83 gold pieces to Gozag.

Inventory:

Hand Weapons
 a - a +0 trident (weapon)
Missiles
 c - 3 throwing nets {!d}
 d - 3 javelins
 j - 10 poisoned darts
 n - 5 boomerangs
 s - 29 stones
Armour
 b - a +0 hat (worn)
Jewellery
 i - a ring of flight (left tentacle) {+Fly, !d}
   (You found it on level 1 of the Dungeon)
 Z - a ring of wizardry (right tentacle) {Wiz+, !d}
   (You found it on level 2 of the Dungeon)
Wands
 q - a wand of flame (13)
   (You found it on level 2 of the Dungeon)
Scrolls
 e - a scroll of vulnerability {unknown}
 f - a scroll of immolation {unknown}
 h - a scroll of poison {unknown}
 k - a scroll of amnesia {unknown}
 l - 2 scrolls of teleportation {unknown}
 m - a scroll of noise {unknown}
 p - a scroll of identify {unknown}
 r - a scroll of butterflies {unknown}
Potions
 g - a potion of mutation {unknown}
 o - a potion of enlightenment {unknown}
 t - a potion of attraction {unknown}
 u - 3 potions of lignification {unknown}
 v - a potion of brilliance {unknown}
 w - a potion of heal wounds {unknown}


   Skills:
 + Level 3.9 Fighting
 * Level 5.7 Polearms
 - Level 2.0 Throwing
 - Level 3.0 Dodging
 + Level 2.0 Spellcasting
 * Level 3.4 Summonings


You had 7 spell levels left.
You knew the following spells:

 Your Spells              Type           Power      Damage    Failure   Level
c - Call Canine Familiar  Summ           7%         N/A       10%         3

Your spell library contained the following spells:

 Spells                   Type           Power      Damage    Failure   Level
 Summon Small Mammal      Summ           28%        N/A       3%          1
 Summon Guardian Golem    Hex/Summ       4%         N/A       19%         3
 Dazzling Flash           Conj/Hex       2%         N/A       34%         3
 Volatile Blastmotes      Fire/Tloc      2%         2d10      34%         3
 Starburst                Conj/Fire      0%         6d3       100%        6
 Maxwell's Capacitive Co  Air            0%         ∞         100%        8


Dungeon Overview and Level Annotations

Branches:
Dungeon (5/15) Zot: 26721  Temple (1/1) D:4 Zot: 5987

Altars:
Cheibriados
Dithmenos
Elyvilon
Fedhas
Gozag
Hepliaklqana
Kikubaaqudgha
Makhleb
Nemelex Xobeh
Ru
Trog
Xom

Annotations:
D:2 exclusion: hobgoblin, Terence


Innate Abilities, Weirdness & Mutations

You cannot wear most types of armour.
You are amphibious.
You can wear up to eight rings at the same time.
Your skin changes colour to match your surroundings (Stealth+).
Your rubbery body absorbs attacks. (AC +1, EV +1)
((You are camouflaged when in or above water. (Stealth+)))
You have tentacles for arms and can constrict up to eight enemies at once.


Message History

You reach down and open the door.
A hobgoblin comes into view.
A hobgoblin is nearby!
The hobgoblin shouts!
There is an open door here.
You hit the hobgoblin.
You kill the hobgoblin!
No target in view!
No target in view!
You now have 222 gold pieces (gained 4).
You reach down and open the door.
Found a white marble altar of Elyvilon.
A hound comes into view.
You see here 13 gold pieces.
The hound bites you.
You take 2 damage, and have 45/47 hp.
You now have 6/9 mp.
You barely miss the hound. Your grab misses the hound. You squeeze the hound!
The hound barely misses you.
You hit the hound. Your grab misses the hound. You squeeze the hound.
The hound bites you. x2; Your hound bites the hound.
The hound dies!
You take 9 damage, and have 36/47 hp.
No target in view!
No target in view!
Your hound disappears in a puff of smoke!
You now have 235 gold pieces (gained 13).
You now have 242 gold pieces (gained 7).
u - 3 bubbling purple potions (gained 2)
There is an open door here.
There is a white marble altar of Elyvilon here.
w - a red potion Health restored: 47; MP restored: 9 You reach down and open the door.
There is an open door here.
There is an open door here.
There is an open door here.
Done exploring.
There is an open door here.
There is a stone staircase leading down here.
You fly downwards.
There is a stone staircase leading up here.
j - 10 poisoned darts (gained 4)
You reach down and open the door.
There is an open door here.
An ufetubus comes into view.
You hear a distant slurping noise.
An ufetubus comes into view.
A jelly comes into view.
The ufetubus shouts!
The jelly quivers.
The ufetubus shouts!
You now have 6/9 mp.
You hit the ufetubus. Your grab misses the ufetubus.
The ufetubus barely misses you.
The ufetubus hits you but does no damage.
The ufetubus closely misses you. x2
You closely miss the ufetubus. You grab the ufetubus.
You constrict the ufetubus. The ufetubus hits you. The ufetubus misses you.
The ufetubus hits you. x2; Your hound bites the ufetubus.
The ufetubus dies!
You take 8 damage, and have 39/47 hp.
You miss the ufetubus. Your grab misses the ufetubus. The ufetubus hits you.
The ufetubus barely misses you.
Your hound misses the ufetubus. The ufetubus hits you.
The ufetubus barely misses you.
You take 4 damage, and have 35/47 hp.
You hit the jelly but do no damage. The acid corrodes you!
Your tentacles burn!
Your hound completely misses the ufetubus.
The ufetubus hits you. The ufetubus barely misses you.
Your hound bites the ufetubus.
The jelly closely misses you.
You take 9 damage, and have 26/47 hp.
You are too injured to fight recklessly!
You are too injured to fight recklessly!
Unknown command.
You barely miss the ufetubus. You grab the ufetubus.
You constrict the ufetubus, but do no damage.
The ufetubus closely misses you. The ufetubus hits you.
Your hound bites the ufetubus.
The ufetubus dies!
The jelly hits you.
You are splashed with acid!
* * * LOW HITPOINT WARNING * * *
Your Spellcasting skill increases to level 2!
You take 16 damage, and have 10/47 hp.
MASSIVE DAMAGE!!
Your hound bites the jelly.
Your hound is burned by acid!
Your hound bites the jelly.
Your hound is burned by acid!
Your hound bites the jelly.
The acid corrodes your hound!
Your hound is burned by acid!
You hit the jelly.
Your tentacles burn!
* * * LOW HITPOINT WARNING * * *
You squeeze the jelly, but do no damage.
Your hound barely misses the jelly.
Your hound bites the jelly.
Your hound is burned by acid!
The jelly hits you.
* * * LOW HITPOINT WARNING * * *
The acid corrodes you!
You are splashed with acid!
You die...
Your body crumbles into a pile of gold.

#.................
#..................
#..................
#..................
#..................
#.................
##########.....###
#.....# #.@...#
#.J...+ #.h...#
#....$$......
#............#
+............+
#...........=#
#............#
#............


You could see a jelly (ally target) and a friendly hound (summoned, corroded).

Vanquished Creatures
  An ogre (D:4)
  A phantom (D:4)
  A scorpion (D:4)
  2 jellies (D:4)
  An orc priest (D:4)
  2 orc wizards (D:4)
  3 adders
  A white imp (D:4)
  3 worms (D:3)
  11 dart slugs
  2 orcs (D:4)
  5 bats
  5 endoplasms
  3 giant cockroaches
  8 goblins
  7 hobgoblins
  7 jackals
  A quokka (D:1)
  3 ball pythons
  16 frilled lizards
  4 kobolds
  6 rats
93 creatures vanquished.

Vanquished Creatures (collateral kills)
  A hound (D:4)
  2 ufetubi (D:5)
3 creatures vanquished.

Grand Total: 96 creatures vanquished

Notes
Turn   | Place    | Note
-------+----------+-------------------------------------------
     0 | D:1      | sokol815 the Octopode Gladiator began the quest for the
                  | Orb.
     0 | D:1      | Reached XP level 1. HP: 14/14 MP: 1/1
   220 | D:1      | Reached XP level 2. HP: 19/19 MP: 2/2
   527 | D:1      | Reached XP level 3. HP: 24/25 MP: 3/3
   916 | D:2      | Reached skill level 4 in Polearms
   946 | D:2      | Found a faded altar of an unknown god.
  1027 | D:2      | Noticed Terence
  1138 | D:2      | Reached XP level 4. HP: 18/30 MP: 4/4
  1332 | D:3      | Reached skill level 3 in Fighting
  1418 | D:3      | Found a burning altar of Makhleb.
  1433 | D:3      | Learned a level 3 spell: Call Canine Familiar
  1790 | D:3      | Reached skill level 1 in Summonings
  1840 | D:3      | Reached XP level 5. HP: 36/36 MP: 5/5
  2048 | D:3      | Found a snail-covered altar of Cheibriados.
  2376 | D:4      | Reached skill level 1 in Spellcasting
  2394 | D:4      | Reached skill level 5 in Polearms
  2395 | D:4      | Reached skill level 2 in Summonings
  2396 | D:4      | HP: 11/54 [acid (8)]
  2398 | D:4      | Reached XP level 6. HP: 14/42 MP: 7/7
  2568 | D:4      | Found a staircase to the Ecumenical Temple.
  2575 | Temple   | Entered the Ecumenical Temple
  2581 | Temple   | Became a worshipper of Gozag Ym Sagoz the Greedy
  2788 | D:4      | HP: 1/42 [ogre/+0 giant club (21)]
  2791 | D:4      | Reached skill level 3 in Summonings
  2794 | D:4      | Reached XP level 7. HP: 15/47 MP: 3/9
  3070 | D:4      | Found a white marble altar of Elyvilon.
  3225 | D:5      | Entered Level 5 of the Dungeon
  3263 | D:5      | HP: 10/47 [acid (9)]
  3264 | D:5      | Reached skill level 2 in Spellcasting
  3266 | D:5      | Splashed by a jelly's acid

Illustrated notes

Levels and vault maps discovered:
D:1:      scummos_arrival_hexagon, layout_basic, minmay_misc_feat_encased
D:2:      layout_rooms, ebering_ecumenical_altar_sacrificial, uniq_terence
D:3:      kennysheep_slugbush, layout_basic, mainiacjoe_overflow_paths,
          overflow_temple_1_default, serial_bayou, serial_bayou_pond_c,
          serial_bayou_ford_a, serial_bayou_lagoon_a, serial_bayou_pond_d,
          grunt_ministairs_13, minmay_lizard_king
D:4:      layout_basic, lemuel_doored_altar
D:5:      layout_gridville, gammafunk_temple_overflow_claw,
          minmay_misc_feat_rugged, chequers_serial_rivers_room_a
Temple:   chequers_temple_sunken

Skill      XL: |  1  2  3  4  5  6  7 |
---------------+----------------------+-----
Polearms       | 4 5 |  5.7
Fighting       | 3 |  3.9
Summonings     | 1 2 3 |  3.4
Spellcasting   | 1 2 |  2.0
Throwing       | |  2.0
Dodging        | |  3.0

Action                     |  1- 3 |  4- 6 |  7- 9 || total
---------------------------+-------+-------+-------++-------
  Melee: Trident           |    83 |   118 |    12 ||   213
         Constrict         |    16 |    24 |     3 ||    43
         Tentacles         |     9 |    23 |     4 ||    36
  Throw: Dart              |       |     7 |       ||     7
   Cast: Call Canine Famil |       |     2 |     2 ||     4
    Use: Potion            |       |     3 |       ||     3
   Stab: Sleeping          |     9 |    10 |       ||    19
 Armour: Skin              |    23 |    30 |    15 ||    68
  Dodge: Dodged            |    28 |    46 |    10 ||    84

Table legend: (Time is in decaauts)
 A = Elapsed time spent in this place.
 B = Non-inter-level travel time spent in this place.
 C = Inter-level travel time spent in this place.
 D = Time resting spent in this place.
 E = Time spent auto-exploring this place.
 F = Levels seen in this place.
 G = Mean time per level.
                   A        B        C        D        E       F      G
               +--------+--------+--------+--------+--------+-----+--------+
         Total |   3290 |   3180 |    110 |    121 |   2537 |   6 |  548.3 |
       Dungeon |   3277 |   3178 |     99 |    121 |   2537 |   5 |  655.4 |
        Temple |     12 |      1 |     11 |      0 |      0 |   1 |   12.0 |
               +--------+--------+--------+--------+--------+-----+--------+

Top non-repeatable levels by time:
     D:3: 1033 daAuts
     D:4: 919 daAuts
     D:1: 707 daAuts
     D:2: 575 daAuts
     D:5: 40 daAuts
  Temple: 12 daAuts

Levels and vault maps discovered:
D:1:      scummos_arrival_hexagon, layout_basic, minmay_misc_feat_encased
D:2:      layout_rooms, ebering_ecumenical_altar_sacrificial, uniq_terence
D:3:      kennysheep_slugbush, layout_basic, mainiacjoe_overflow_paths,
          overflow_temple_1_default, serial_bayou, serial_bayou_pond_c,
          serial_bayou_ford_a, serial_bayou_lagoon_a, serial_bayou_pond_d,
          grunt_ministairs_13, minmay_lizard_king
D:4:      layout_basic, lemuel_doored_altar
D:5:      layout_gridville, gammafunk_temple_overflow_claw,
          minmay_misc_feat_rugged, chequers_serial_rivers_room_a
Temple:   chequers_temple_sunken

Table legend: (Time is in decaauts)
 A = Elapsed time spent in this place.
 B = Non-inter-level travel time spent in this place.
 C = Inter-level travel time spent in this place.
 D = Time resting spent in this place.
 E = Time spent auto-exploring this place.
 F = Levels seen in this place.
 G = Mean time per level.
                   A        B        C        D        E       F      G
               +--------+--------+--------+--------+--------+-----+--------+
         Total |   3290 |   3180 |    110 |    121 |   2537 |   6 |  548.3 |
       Dungeon |   3277 |   3178 |     99 |    121 |   2537 |   5 |  655.4 |
        Temple |     12 |      1 |     11 |      0 |      0 |   1 |   12.0 |
               +--------+--------+--------+--------+--------+-----+--------+

Top non-repeatable levels by time:
     D:3: 1033 daAuts
     D:4: 919 daAuts
     D:1: 707 daAuts
     D:2: 575 daAuts
     D:5: 40 daAuts
  Temple: 12 daAuts

Table legend:
 A = Kills in this place as a percentage of kills in the entire game.
 B = Kills by you in this place as a percentage of kills by you in the entire game.
 C = Kills by friends in this place as a percentage of kills by friends in the entire game.
 D = Other kills in this place as a percentage of other kills in the entire game.
 E = Experience gained in this place as a percentage of experience gained in the entire game.
 F = Experience gained in this place divided by the number of levels of this place that you have seen.
                   A       B       C       D       E      F
               +-------+-------+-------+-------+-------+----------------------
         Total | 100.0 | 100.0 | 100.0 |   N/A | 100.0 | 128.0
       Dungeon | 100.0 | 100.0 | 100.0 |   N/A | 100.0 | 153.6
               +-------+-------+-------+-------+-------+----------------------
